AoeStats
← Destroyer30585

Arena

510201232Analyzed
1v1 RM · 12h ago on Sep 29, 2026· 51m 10s· 2 players
Game mode
Random Map
Map size
Tiny (2 player)
Population
200
Speed
Normal
Resources
Standard
Victory
Conquest
Starting age
Dark Age
Ending age
Imperial Age
RankedLock teamsTeams togetherTeam positionsShared explorationLock speedFull tech treeHidden civsTurbo modeCheats
Victory
Defeat
🇲🇽 Malians · Mexico
944
+16
🇨🇴 Italians · Colombia
951
-16
hidalGOD
11:56 Feudal Age
10:12 Loom
16:51 Castle Age
15:21 Forging
16:52 Scale Mail Armor
32:23 Iron Casting
32:03 Chain Mail Armor
33:18 Double-Bit Axe
36:54 Chain Mail Armor
36:50 Man-at-Arms
37:29 Pikeman
38:55 Long Swordsman
51:00 Gold Mining
Destroyer30585
10:55 Feudal Age
15:14 Castle Age
13:09 Stone Mining
15:16 Loom
15:51 Padded Archer Armor
16:33 Treadmill Crane
17:13 Ballistics
17:53 Gold Mining
17:52 Horse Collar
36:25 Imperial Age
34:08 Scale Mail Armor
35:36 Scale Barding Armor
35:47 Chain Mail Armor
35:37 Husbandry
37:24 Chain Barding Armor
39:47 Heavy Plow
40:36 Stone Shaft Mining
40:42 Wheelbarrow
42:16 Plate Mail Armor
42:56 Cavalier
44:01 Murder Holes
Connection lost

Rejoining the realm…

Still unreachable

The connection could not be restored.

Session expired

The server has moved on; the page needs a fresh start.